 Dungeon Crawl Stone Soup version 0.32-a0-616-g9348d4545b (webtiles) character file.

Game seed: 14989122629483142326

5049 zenocrate the Covert (level 10, -6/45 HPs)
             Began as a Vine Stalker Earth Elementalist on Mar 5, 2024.
             Was a Follower of Hepliaklqana.
             Mangled by a six-headed hydra (8 damage)
             ... on level 1 of the Lair of Beasts.
             The game lasted 00:09:42 (6626 turns).

zenocrate the Covert (VSEE)                         Turns: 6626, Time: 00:09:42

Health: -6/45      AC:  4    Str: 11    XL:     10   Next: 56%
Magic:  0/20       EV: 14    Int: 15    God:    Hepliaklqana [*.....]
Gold:   482        SH:  0    Dex: 19    Spells: 10/21 levels left

rFire   + . .        a - +0 short sword (venom)
rCold   + . .        (no shield)
rNeg    . . .        g - +0 troll leather armour
rPois   .            f - +0 helmet
rElec   .            h - scarf {rC+ rF+}
rCorr   .            (no gloves)
SInv    .            (no boots)
Will    +....        (no amulet)
Stlth   +++++        (no ring)
HPRegen 1.87/turn    (no ring)
MPRegen 0.17/turn

%: guardian spirit
@: no status effects
A: reduced essence, fangs 3, regeneration 1, magic shield, antimagic bite, no
potion heal 2
a: Renounce Religion, Recall Ancestor, Ancestor Identity


You were on level 1 of the Lair of Beasts.
You worshipped Hepliaklqana.
Hepliaklqana was aware of your devotion.
You visited 3 branches of the dungeon, and saw 10 of its levels.
You also visited: Ossuary.

You collected 524 gold pieces.
You spent 42 gold pieces at shops.

Inventory:

Hand Weapons
 a - a +0 short sword of venom (weapon)
 b - a +0 rapier
Missiles
 F - 2 throwing nets
Armour
 f - a +0 helmet (worn)
 g - a +0 troll leather armour (worn)
 h - a scarf of resistance (worn)
 i - a +0 buckler
Jewellery
 k - a ring of flight
 u - a ring of ice
Wands
 q - a wand of polymorph (10)
 v - a wand of flame (30)
 G - a wand of paralysis (24)
 H - a wand of digging (7)
Scrolls
 c - 2 scrolls of amnesia {unknown}
 d - a scroll of fear
 l - 2 scrolls of blinking {unknown}
 m - a scroll of immolation
 t - 2 scrolls of poison
 y - a scroll of enchant weapon {unknown}
 z - a scroll of summoning {unknown}
 B - 2 scrolls of fog
 D - 2 scrolls of vulnerability {unknown}
 E - 3 scrolls of teleportation {unknown}
Potions
 e - a potion of might
 j - 2 potions of curing
 n - 2 potions of haste
 o - a potion of enlightenment
 p - 5 potions of attraction {unknown}
 r - a potion of degeneration {unknown}
 s - 2 potions of magic
 w - 2 potions of lignification {unknown}
 x - a potion of cancellation {unknown}
 A - 5 potions of invisibility {unknown}
 C - a potion of resistance {unknown}


   Skills:
 - Level 4.5 Fighting
 * Level 8.7 Short Blades
 - Level 5.5 Dodging
 + Level 11.6 Stealth
 - Level 6.3 Spellcasting
 - Level 1.6 Conjurations
 - Level 3.2 Earth Magic
 - Level 4.3 Evocations


You had 10 spell levels left.
You knew the following spells:

 Your Spells              Type           Power      Damage    Failure   Level
a - Sandblast             Erth           28%        2d8       4%          1
b - Stone Arrow           Conj/Erth      24%        3d8       21%         3
c - Petrify               Alch/Erth      9%         N/A       67%         4
z - Passwall              Erth           14%        N/A       14%         3

Your spell library contained the following spells:

 Spells                   Type           Power      Damage    Failure   Level
 Call Imp                 Summ           8%         N/A       28%         2
 Sublimation of Blood     Necr           4%         N/A       28%         2
 Brom's Barrelling Bould  Conj/Erth      12%        2d4       56%         4
 Summon Hydra             Summ           2%         N/A       100%        7


Dungeon Overview and Level Annotations

Branches:
Dungeon (8/15)             Temple (1/1) D:7            Lair (1/5) D:8
Ossuary (visited)

Altars:
Ashenzari
Cheibriados
Dithmenos
Elyvilon
Fedhas
Gozag
Hepliaklqana
Kikubaaqudgha
Makhleb
Nemelex Xobeh
Okawaru
Qazlal
Ru
Sif Muna
Trog
Uskayaw
Vehumet
Wu Jian
Yredelemnul
Zin
The Shining One

Shops:
D:8 (


Innate Abilities, Weirdness & Mutations

Your life essence is reduced to manifest your ancestor. (-10% HP)
You have razor-sharp teeth.
Your natural rate of healing is unusually fast.
When hurt, damage is shared between your health and your magic reserves.
Your bite disrupts and absorbs the magic of your enemies.
Potions cannot restore your health.


Message History

The six-headed hydra bites you but does no damage.
The six-headed hydra bites you. The six-headed hydra barely misses you.
The six-headed hydra bites you. x2; The six-headed hydra barely misses you.
You hit the six-headed hydra.
You bite the six-headed hydra, but do no damage.
The six-headed hydra is lightly wounded.
Unknown command.
You hit the six-headed hydra. You bite the six-headed hydra.
You drain its power.
You feel invigorated.
The six-headed hydra is lightly wounded.
The six-headed hydra bites you!
The six-headed hydra bites you but does no damage.
The six-headed hydra bites you. The six-headed hydra bites you!
The six-headed hydra barely misses you. The six-headed hydra bites you!
* * * LOW HITPOINT WARNING * * *
You are too injured to fight recklessly!
As you read the scroll of fear, it crumbles to dust.
You assume a fearsome visage.
The six-headed hydra resists with some effort.
Osaoxt Nomym hits the six-headed hydra!
The six-headed hydra bites you!
* * * LOW HITPOINT WARNING * * *
The six-headed hydra closely misses you.
The six-headed hydra bites you but does no damage.
The six-headed hydra completely misses you.
The six-headed hydra bites you.
* * * LOW HITPOINT WARNING * * *
The six-headed hydra barely misses you.
Unknown command.
Okay, then.
Okay, then.
Magic courses through your body.
Osaoxt Nomym hits the six-headed hydra.
The six-headed hydra bites you!
* * * LOW HITPOINT WARNING * * *
The six-headed hydra bites you!
* * * LOW HITPOINT WARNING * * *
The six-headed hydra bites you.
* * * LOW HITPOINT WARNING * * *
The six-headed hydra bites you!
You die...
Hepliaklqana delivers you to your ancestors.

. ..... #..# .# ...#
#..###..#
#..###...##..#
####..(.........#
##.##..###....#.###
##.~.~...P.........#
#~.~~~~~...........#
..~≈≈≈~≈≈~......R..#
.~~≈≈≈≈≈≈~~.....@D.#
~≈~~~.~≈~~.........#
.~≈≈.<~≈≈~~........#
.~≈~..~≈≈~.........#
.~≈≈~~≈≈~~.........#
.~≈≈≈≈≈~~..#.####.##
#~~~~≈≈~...... .#
##.~.~~~..... ..
####........


You could see the friendly Osaoxt Nomym the ancestor and a six-headed hydra
(ally target).

Vanquished Creatures
  A rime drake (Lair:1)
  A hornet (D:8)
  Sigmund (D:2)
  A wyvern (D:7)
  2 water moccasins
  2 black bears
  An orc warrior (D:8)
  An ice beast (D:7)
  2 sky beasts
  2 centaurs (D:6)
  2 phantoms
  2 bullfrogs (D:7)
  2 kobold brigands (D:7)
  9 scorpions
  A gnoll sergeant (D:8)
  2 burial acolytes (D:6)
  3 wights (D:6)
  4 howler monkeys
  3 centaur zombies
  A human zombie (D:6)
  3 bullfrog zombies (D:6)
  2 hounds
  2 orc priests (D:8)
  A gnoll bouda (D:5)
  2 jellies
  A bullfrog skeleton (D:6)
  A sleepcap (D:7)
  Ijyb (D:2)
  Terence (D:2)
  5 iguanas
  5 orc wizards
  A killer bee zombie (D:6)
  3 crocodile zombies (Ossuary)
  2 mummies (Ossuary)
  10 gnolls
  4 adders
  2 white imps
  3 dart slugs
  A ribbon worm (D:2)
  11 orcs
  7 ball pythons
  9 endoplasms
  2 giant cockroaches
  8 hobgoblins
  2 jackals (D:2)
  3 quokkas
  3 training dummies (D:8)
  5 bats
  3 frilled lizards
  3 gnoll zombies (Ossuary)
  4 goblins
  15 kobolds
  A kobold zombie (Ossuary)
  4 rats
173 creatures vanquished.

Notes
Turn   | Place    | Note
-------+----------+-------------------------------------------
     0 | D:1      | zenocrate the Vine Stalker Earth Elementalist began the
                  | quest for the Orb.
     0 | D:1      | Reached XP level 1. HP: 9/9 MP: 4/4
    86 | D:1      | Reached XP level 2. HP: 13/13 MP: 0/6
   813 | D:2      | Reached XP level 3. HP: 16/16 MP: 5/7
   817 | D:2      | Learned a level 3 spell: Stone Arrow
   821 | D:2      | Learned a level 3 spell: Passwall
  1030 | D:2      | Reached skill level 3 in Stealth
  1127 | D:2      | Reached skill level 1 in Short Blades
  1200 | D:2      | Noticed Sigmund
  1217 | D:2      | Killed Sigmund
  1218 | D:2      | Reached skill level 5 in Stealth
  1218 | D:2      | Reached XP level 4. HP: 21/21 MP: 4/8
  1218 | D:2      | Reached XP level 5. HP: 24/24 MP: 4/9
  1282 | D:2      | Noticed Terence
  1292 | D:2      | Killed Terence
  1293 | D:2      | Reached XP level 6. HP: 17/28 MP: 10/10
  1905 | D:3      | Noticed Ijyb
  1943 | D:2      | Killed Ijyb
  2184 | D:3      | Found a hide-covered altar of Uskayaw.
  2346 | D:3      | Found a faded altar of an unknown god.
  2389 | D:3      | Found a burning altar of Makhleb.
  2405 | D:3      | Identified the +0 scale mail of Kiosasko {Str+3 Dex+3}
  2740 | D:4      | Found an iron altar of Okawaru.
  2767 | D:4      | Reached skill level 6 in Stealth
  2914 | D:4      | Reached XP level 7. HP: 32/32 MP: 9/11
  3092 | D:4      | Learned a level 4 spell: Petrify
  3198 | D:5      | Entered Level 5 of the Dungeon
  3201 | D:5      | Reached skill level 7 in Stealth
  3215 | D:5      | Gained mutation: You have razor-sharp teeth. [Vine Stalker
                  | growth]
  3215 | D:5      | Reached XP level 8. HP: 36/36 MP: 12/12
  3220 | D:5      | Reached skill level 5 in Dodging
  3220 | D:5      | Reached skill level 10 in Stealth
  3220 | D:5      | Reached skill level 5 in Spellcasting
  3220 | D:5      | Reached XP level 9. HP: 46/46 MP: 12/18
  3506 | D:5      | Found a sand-covered staircase.
  3518 | Ossuary  | Entered an ossuary
  3786 | D:5      | Found an opulent altar of Gozag.
  3786 | D:5      | Found a bloodstained altar of Trog.
  4437 | D:6      | Found a sparkling altar of Nemelex Xobeh.
  4514 | D:6      | Found an ancient bone altar of Kikubaaqudgha.
  4686 | D:6      | Reached skill level 11 in Stealth
  4686 | D:6      | Reached XP level 10. HP: 51/51 MP: 19/19
  4723 | D:6      | Found a shimmering blue altar of Sif Muna.
  4877 | D:6      | Found a glowing silver altar of Zin.
  4961 | D:7      | Identified the +4 war axe "Maicvael" {flame, rElec}
  5200 | D:7      | Found a snail-covered altar of Cheibriados.
  5382 | D:7      | Found a staircase to the Ecumenical Temple.
  5404 | Temple   | Entered the Ecumenical Temple
  5417 | Temple   | Became a worshipper of Hepliaklqana the Forgotten
  5594 | D:8      | Found a glowing golden altar of the Shining One.
  5735 | D:8      | HP: 2/51 [gnoll sergeant/+0 trident (9)]
  5984 | D:8      | Found Fauzoesits's Firing Range.
  6009 | D:8      | Bought a throwing net for 42 gold pieces
  6568 | D:8      | Found a staircase to the Lair.
  6575 | Lair:1   | Entered Level 1 of the Lair of Beasts
  6575 | Lair:1   | Reached * piety under Hepliaklqana
  6616 | Lair:1   | Noticed a six-headed hydra
  6626 | Lair:1   | HP: 2/45 [six-headed hydra (1)]
  6626 | Lair:1   | Mangled by a six-headed hydra

Illustrated notes

Levels and vault maps discovered:
D:1:      minmay_arrival_four_houses, layout_rooms, st_stairs_1
D:2:      layout_basic, serial_curves, eino_curves_04, eino_curves_03,
          eino_curves_02, eino_curves_03, uniq_sigmund, uniq_terence
D:3:      layout_loops_corners, bloody_makhleb, general_overflow_altar,
          basic_ecumenical_altar, minivault_25, uniq_ijyb
D:4:      layout_cave_pools, okawaru_trees_2
D:5:      layout_basic, mainiacjoe_overflow_divided_tiny,
          nicolae_ossuary_entry_ruins, serial_bayou_pond_e
D:6:      layout_basic, old_standard_altar, kennysheep_little_box,
          nemelex_diamond_rough_becter, lemuel_mausoleum_altar_kikubaaqudgha
D:7:      layout_basic, mainiacjoe_overflow_six_doors_small, temple_green
D:8:      layout_basic, mainiacjoe_overflow_boulevard, lair_entry_dummy,
          nicolae_shop_firing_range
Temple:   hellmonk_temple_beads
Lair:1:   layout_gridlike, basic_altar, lemuel_fruit_tree,
          infiniplex_staircase_pool_2

Skill      XL: |  1  2  3  4  5  6  7  8  9 10 |
---------------+-------------------------------+-----
Stealth        | 5 6 7 10 11 | 11.6
Short Blades   | 2 3 4 6 8 |  8.7
Dodging        | 2 3 5 |  5.5
Fighting       | 4 |  4.5
Spellcasting   | 5 6 |  6.3
Evocations     | 4 |  4.3
Conjurations   | |  1.6
Earth Magic    | |  3.2

Action                     |  1- 3 |  4- 6 |  7- 9 | 10-12 || total
---------------------------+-------+-------+-------+-------++-------
  Melee: Unarmed           |     8 |     5 |       |       ||    13
         Short sword       |    67 |    68 |   141 |   174 ||   450
         Bite              |    22 |    22 |    93 |    60 ||   197
         Rapier            |       |       |   102 |       ||   102
   Cast: Sandblast         |    12 |     1 |     2 |     3 ||    18
    Use: Scroll            |       |       |     6 |     7 ||    13
         Potion            |       |       |     1 |     1 ||     2
   Stab: Sleeping          |     3 |    12 |    20 |     9 ||    44
         Distracted        |       |       |     1 |       ||     1
 Armour: Robe              |     6 |       |       |       ||     6
         Troll leather arm |    30 |    16 |   114 |    99 ||   259
         Skin              |       |     5 |       |       ||     5
  Dodge: Dodged            |    42 |    32 |   173 |   103 ||   350

Table legend: (Time is in decaauts)
 A = Elapsed time spent in this place.
 B = Non-inter-level travel time spent in this place.
 C = Inter-level travel time spent in this place.
 D = Time resting spent in this place.
 E = Time spent auto-exploring this place.
 F = Levels seen in this place.
 G = Mean time per level.
                   A        B        C        D        E       F      G
               +--------+--------+--------+--------+--------+-----+--------+
         Total |   6488 |   6281 |    207 |    126 |   4708 |  11 |  589.8 |
       Dungeon |   6292 |   6109 |    183 |    126 |   4663 |   8 |  786.5 |
        Temple |     26 |      2 |     24 |      0 |      0 |   1 |   26.0 |
          Lair |     52 |     52 |      0 |      0 |      9 |   1 |   52.0 |
       Ossuary |    116 |    116 |      0 |      0 |     36 |   1 |  116.0 |
               +--------+--------+--------+--------+--------+-----+--------+

Top non-repeatable levels by time:
     D:2: 1221 daAuts
     D:8: 962 daAuts
     D:3: 850 daAuts
     D:5: 812 daAuts
     D:6: 707 daAuts
     D:7: 625 daAuts
     D:1: 616 daAuts
     D:4: 497 daAuts
 Ossuary: 116 daAuts
  Lair:1: 52 daAuts
  Temple: 26 daAuts
